AoeStats
← 150490644@

Arabia

506816396Analyzed
1v1 RM · 18d ago on Sep 15, 2026· 27m 52s· 2 players
Game mode
Random Map
Map size
Tiny (2 player)
Population
200
Speed
Normal
Resources
Standard
Victory
Conquest
Starting age
Dark Age
Ending age
Imperial Age
RankedLock teamsTeams togetherTeam positionsShared explorationLock speedFull tech treeHidden civsTurbo modeCheats
Victory
Defeat
🇮🇹 Franks · Italy
1010
+17
🇻🇳 Magyars · Vietnam
1035
-17
150490644@
7:33 Loom
9:41 Feudal Age
11:18 Double-Bit Axe
23:08 Castle Age
24:01 Wheelbarrow
23:44 Scale Barding Armor
26:13 Gold Mining
27:48 Forging
vantrung06
3:36 Loom
11:11 Feudal Age
15:01 Fletching
21:00 Padded Archer Armor
26:59 Castle Age
Connection lost

Rejoining the realm…

Still unreachable

The connection could not be restored.

Session expired

The server has moved on; the page needs a fresh start.